 Dungeon Crawl Stone Soup version 0.31-a0-234-gad7ace16ef (webtiles) character file.

Game seed: 13378509878691075320

182 qw the Shooter (level 5, -1/45 HPs)
             Began as a Minotaur Hexslinger on July 9, 2023.
             Slain by Edmund
             ... wielding a +0 flail of protection
              (8 damage)
             ... on level 4 of the Dungeon.
             The game lasted 00:01:00 (2477 turns).

qw the Shooter (Minotaur Hexslinger)                Turns: 2477, Time: 00:01:00

Health: -1/45      AC:  5    Str: 18    XL:     5   Next: 35%
Magic:  5/5        EV: 11    Int: 10    God:
Gold:   208        SH:  0    Dex: 15    Spells: 5/6 levels left

rFire   . . .        Y - +1 sling
rCold   . . .        (no shield)
rNeg    . . .        g - +0 ring mail
rPois   +            (helmet restricted)
rElec   .            (no cloak)
rCorr   .            (no gloves)
SInv    .            (no boots)
Will    .....        (no amulet)
Stlth   +            b - ring of poison resistance
HPRegen 0.27/turn    i - +6 ring of strength
MPRegen 0.09/turn

%: no passive effects
@: about to teleport
A: horns 2, retaliatory headbutt
a: no special abilities


You were on level 4 of the Dungeon.
You visited 1 branch of the dungeon, and saw 4 of its levels.

You collected 208 gold pieces.


Innate Abilities, Weirdness & Mutations

You have a pair of horns on your head.
You reflexively headbutt those who attack you in melee.


   Skills:
 - Level 3.6 Fighting
 + Level 5.1 Ranged Weapons
 - Level 1.0 Armour
 - Level 2.1 Dodging
 - Level 1.0 Spellcasting
 - Level 2.0 Hexes


You had 5 spell levels left.
You knew the following spells:

 Your Spells              Type           Power      Damage    Failure   Level
a - Slow                  Hex            16%        N/A       26%         1

Your spell library contained the following spells:

 Spells                   Type           Power      Damage    Failure   Level
 Inner Flame              Hex/Fire       2%         N/A       77%         3
 Portal Projectile        Hex/Tloc       4%         N/A       77%         3
 Cause Fear               Hex            2%         N/A       95%         4

Inventory:

Hand Weapons
 Y - a +1 sling (weapon)
Armour
 g - a +0 ring mail (worn)
Jewellery
 b - a ring of poison resistance (left hand)
 i - a +6 ring of strength (right hand)
 k - an amulet of regeneration
Scrolls
 c - a scroll of identify
 e - a scroll of teleportation
 f - 3 scrolls of enchant armour
Potions
 a - a potion of heal wounds
 d - a potion of haste
 h - a potion of ambrosia {unknown}
 j - a potion of degeneration {unknown}

Dungeon Overview and Level Annotations

Branches:
Dungeon (4/15)
 Temple: D:4-7

Altars:

Annotations:
D:2 Robin
D:4 Edmund


Message History

Edmund the Younger comes into view.
He is wielding a +0 flail of protection.
Edmund shouts!
You see here a scroll of teleportation.
Enter note:
Enter note:
Enter note:
Enter note:
Enter note:
Enter note:
Enter note:
Enter note:
Enter note:
Enter note:
Enter note:
Enter note: You shoot a sling bullet.
The sling bullet barely misses Edmund.
Edmund hits you with a +0 flail of protection!
You shoot a sling bullet. The sling bullet barely misses Edmund.
Edmund misses you.
You shoot a sling bullet.
The sling bullet hits Edmund but does no damage.
Edmund hits you with a +0 flail of protection. x2
You shoot a sling bullet. The sling bullet hits Edmund.
Edmund is lightly wounded.
Edmund hits you with a +0 flail of protection!
You shoot a sling bullet. The sling bullet closely misses Edmund.
Edmund hits you with a +0 flail of protection.
You shoot a sling bullet.
The sling bullet hits Edmund but does no damage.
Edmund is lightly wounded.
Edmund closely misses you. You furiously retaliate!
You headbutt Edmund! You shoot a sling bullet.
The sling bullet hits Edmund but does no damage.
Edmund is moderately wounded.
Edmund hits you with a +0 flail of protection!
2477 ||| READING 2 scrolls of teleportation.
As you read the scroll of teleportation, it crumbles to dust.
You feel strangely unstable.
Edmund hits you with a +0 flail of protection!
You die...

###########+####
#..........<....
#...............
#...............
#......@........
#.....@#'####...
#......#....#
#......#....######
########.....'...#
#......#...#
#.....####+# +# #
#.....##...##... +
#............... #


You could see Edmund.

Vanquished Creatures
  2 hounds (D:4)
  3 adders
  4 dart slugs
  2 orcs
  6 bats
  8 endoplasms
  3 giant cockroaches
  17 goblins
  5 hobgoblins
  4 jackals (D:1)
  2 quokkas (D:1)
  5 ball pythons
  2 frilled lizards
  8 kobolds
  8 rats
79 creatures vanquished.

Notes
Turn   | Place    | Note
-------+----------+-------------------------------------------
     0 | D:1      | qw the Minotaur Hexslinger began the quest for the Orb.
     0 | D:1      | Reached XP level 1. HP: 16/16 MP: 1/1
     0 | D:1      | 0 ||| qw: Version: 0.3-a-51-g015441d
     0 | D:1      | 0 ||| qw: Game counter: 4109
     0 | D:1      | 0 ||| qw: Melee chars always use a shield: true
     0 | D:1      | 0 ||| qw: God list: Okawaru
     0 | D:1      | 0 ||| qw: Allow faded altars: false
     0 | D:1      | 0 ||| qw: Do Orc after clearing Dungeon:15 true
     0 | D:1      | 0 ||| qw: Do second Lair branch before Depths: true
     0 | D:1      | 0 ||| qw: Lair rune preference: random
     0 | D:1      | 0 ||| qw: Goals: Normal
     0 | D:1      | 0 ||| PLANNING D:1-11
   105 | D:1      | Reached skill level 3 in Ranged Weapons
   107 | D:1      | HP: 2/16 [jackal (3)]
   109 | D:1      | Reached XP level 2. HP: 2/23 MP: 2/2
   327 | D:1      | Reached XP level 3. HP: 29/29 MP: 3/3
   594 | D:1      | 594 ||| UPGRADING to +0 ring mail.
   604 | D:1      | 604 ||| DROPPING +0 robe.
   605 | D:1      | 605 ||| READING 2 scrolls labelled RIASIE GUZA.
   608 | D:1      | 608 ||| READING 4 scrolls labelled SOXKEPPUNO.
   609 | D:1      | 609 ||| DROPPING scroll of poison.
   736 | D:2      | Reached skill level 4 in Ranged Weapons
   837 | D:2      | Reached skill level 1 in Armour
   838 | D:2      | Noticed Robin
   850 | D:2      | Reached XP level 4. HP: 22/36 MP: 4/4
   865 | D:2      | HP: 9/36 [Robin/+0 spear (4)]
   866 | D:2      | 866 ||| READING scroll of teleportation.
   874 | D:2      | HP: 6/36 [kobold/+0 club (4)]
  1467 | D:2      | 1467 ||| READING scroll labelled PIMIJYWAUR.
  1468 | D:2      | 1468 ||| READING scroll labelled VYLATE GUISU.
  1569 | D:2      | 1569 ||| READING 3 scrolls labelled LAIRIW ZIODAUCW.
  1570 | D:2      | 1570 ||| READING 2 scrolls of identify.
  1570 | D:2      | 1570 ||| IDENTIFYING lumpy inky potion
  2014 | D:3      | Reached skill level 5 in Ranged Weapons
  2139 | D:3      | 2139 ||| UPGRADING to ring of poison resistance.
  2140 | D:3      | 2140 ||| UPGRADING to +6 ring of strength.
  2141 | D:3      | 2141 ||| READING scroll labelled BAWECIRAOTO.
  2142 | D:3      | 2142 ||| READING 2 scrolls of identify.
  2142 | D:3      | 2142 ||| IDENTIFYING purple potion
  2260 | D:4      | Reached XP level 5. HP: 30/44 MP: 5/5
  2353 | D:4      | Reached skill level 3 in Fighting
  2469 | D:4      | Noticed Edmund
  2476 | D:4      | HP: 7/45 [Edmund/+0 flail of protection (10)]
  2477 | D:4      | 2477 ||| READING 2 scrolls of teleportation.
  2477 | D:4      | Slain by Edmund

Levels and vault maps discovered:
D:1:      sevenhm_arrival_forest_fort_small_4, layout_basic,
          minmay_split_cup_small
D:2:      kb_forest_paths, layout_basic, uniq_robin
D:3:      layout_basic
D:4:      layout_gridville, uniq_edmund

Skill      XL: |  1  2  3  4  5 |
---------------+----------------+-----
Ranged Weapons | 3 4 5 |  5.1
Fighting       | 2 3 |  3.6
Armour         | 1 |  1.0
Dodging        | |  2.1
Spellcasting   | |  1.0
Hexes          | |  2.0

Action                     |  1- 3 |  4- 6 || total
---------------------------+-------+-------++-------
   Fire: Sling             |   113 |   117 ||   230
    Use: Scroll            |     2 |     8 ||    10
 Armour: Robe              |     7 |       ||     7
         Ring mail         |     7 |    35 ||    42
  Dodge: Dodged            |    48 |    51 ||    99

Table legend:
 A = Non-vault XP
 B = Vault XP
 C = Vault XP percentage of total XP
 D = Non-vault monster count
 E = Vault monster count
 F = Vault count percentage of total count
                 A         B        C        D         E       F
            +---------+---------+-------+---------+---------+-------
      Total |     225 |      36 |  13.8 |      60 |      19 |  24.1
            +---------+---------+-------+---------+---------+-------
        D:1 |      41 |       6 |  12.8 |      23 |       3 |  11.5
        D:2 |      48 |      30 |  38.5 |      22 |      16 |  42.1
        D:3 |      40 |       0 |   0.0 |       9 |       0 |   0.0
        D:4 |      96 |       0 |   0.0 |       6 |       0 |   0.0
            +---------+---------+-------+---------+---------+-------
